 Dungeon Crawl Stone Soup version 0.29-a0-375-g5102b3be25 (webtiles) character file.

Game seed: 16803772872111057204

114 mnm the Covered (level 4, -2/40 HPs)
             Began as a Ghoul Fighter on May 3, 2022.
             Killed from afar by Sigmund (6 damage)
             ... with a magic dart
             ... on level 3 of the Dungeon.
             The game lasted 00:02:37 (2500 turns).

mnm the Covered (Ghoul Fighter)                     Turns: 2500, Time: 00:02:38

Health: -2/40      AC:  8    Str: 21    XL:     4   Next: 97%
Magic:  3/3        EV:  9    Int:  3    God:
Gold:   112        SH:  0    Dex: 14    Spells: 3/3 levels left

rFire   . . .      SeeInvis .     - Unarmed
rCold   + . .      Faith    .   b - +0 buckler
rNeg    + + +      Spirit   .   a - +0 scale mail
rPois   ∞          Reflect  .   (no helmet)
rElec   .          Harm     .   (no cloak)
rCorr   .          Rampage  .   (no gloves)
Will    .....                   i - +0 pair of boots
Stlth   ..........              (no amulet)
HPRegen 0.00/turn               l - +6 ring of dexterity
MPRegen 0.08/turn               (no ring)

@: confused, inhibited regen
A: claws 1, cold resistance 1, negative energy resistance 3, inhibited
regeneration, torment resistance 2, devour on kill
a: no special abilities


You were on level 3 of the Dungeon.
You visited 1 branch of the dungeon, and saw 3 of its levels.

You collected 112 gold pieces.

Inventory:

Armour
 a - a +0 scale mail (worn)
 b - a +0 buckler (worn)
 i - a +0 pair of boots (worn)
Jewellery
 f - a ring of fire
 h - a ring of magical power
 l - a +6 ring of dexterity (left claw)
Potions
 c - 2 potions of might
 d - 2 potions of attraction {unknown}
 e - a potion of magic {unknown}
 g - a potion of haste {unknown}
 j - a potion of heal wounds {unknown}
 k - 3 potions of curing {unknown}


   Skills:
 + Level 3.6 Fighting
 + Level 3.7 Armour
 + Level 0.4 Dodging
 + Level 0.2 Stealth
 + Level 3.1 Shields
 + Level 3.4 Unarmed Combat


You had 3 spell levels left.
You didn't know any spells.
Your spell library contained the following spells:

 Spells                   Type           Power      Damage    Failure   Level
 Ignite Poison            Fire/Tmut/Pois 0%         N/A       100%        3
 Mephitic Cloud           Conj/Pois/Air  0%         N/A       100%        3
 Freezing Cloud           Conj/Ice/Air   0%         6-21      100%        5


Dungeon Overview and Level Annotations

Branches:
Dungeon (3/15)

Altars:

Annotations:
D:3 Sigmund


Innate Abilities, Weirdness & Mutations

You are immune to poison.
You have sharp fingernails.
Your flesh is cold resistant. (rC+)
You are immune to negative energy. (rN+++)
You do not regenerate when monsters are visible.
You are immune to unholy pain and torment.
You thrive by killing the living.


Message History

You scratch Sigmund but do no damage.
Sigmund is severely wounded.
The kobold hits you with a +0 short sword.
Sigmund casts a spell at you.
The puff of flame hits you but does no damage.
You closely miss Sigmund.
Sigmund is heavily wounded.
The kobold barely misses you. Sigmund gestures at you while chanting.
You are confused.
The kobold misses you.
Sigmund hits you from afar with a +0 scythe.
The kobold closely misses you. Sigmund attacks as you move away!
Sigmund barely misses you.
The kobold hits you with a +0 short sword.
* * * LOW HITPOINT WARNING * * *
Sigmund says, "Don't worry, I'll kill you fast."
Sigmund hits you but does no damage.
You bump into the rock wall.
The kobold barely misses you. Sigmund hits you but does no damage.
The kobold hits you but does no damage.
You're too confused to move!
You feel less confused. You block the kobold's attack.
Sigmund gestures wildly while chanting.
Sigmund flickers and vanishes!
Deactivating autopickup; reactivate with Ctrl-A.
You closely miss something. The kobold barely misses you.
Something hits you but does no damage.
You scratch something but do no damage. The kobold hits you but does no damage.
You barely miss something. Something hits you.
* * * LOW HITPOINT WARNING * * *
The kobold barely misses you.
You closely miss something. The kobold hits you but does no damage.
You hear some strange, mumbled words.
You are confused.
You scratch something. The kobold barely misses you.
You hear some strange, mumbled words.
A magic dart appears from out of thin air!
The magic dart hits you.
You die...

#....# #....#
#....# ....#
....# #...#
#{..#####
#@K......
#...#..## #.###
#># .
########.###.).#
#..............#
#............#.#
#..<.......###
#..........#


You could see a kobold.

Vanquished Creatures
  2 adders (D:2)
  4 gnolls (D:2)
  A worm (D:2)
  2 dart slugs
  4 ball pythons
  4 endoplasms
  3 giant cockroaches (D:1)
  2 goblins (D:1)
  A hobgoblin (D:1)
  5 jackals (D:2)
  5 quokkas
  4 bats
  2 frilled lizards (D:2)
  6 kobolds
  5 rats
50 creatures vanquished.

Vanquished Creatures (others)
  5 withered plants (D:1)
5 creatures vanquished.

Grand Total: 55 creatures vanquished

Notes
Turn   | Place    | Note
-------+----------+-------------------------------------------
     0 | D:1      | mnm the Ghoul Fighter began the quest for the Orb.
     0 | D:1      | Reached XP level 1. HP: 19/19 MP: 0/0
    77 | D:1      | Reached XP level 2. HP: 20/26 MP: 1/1
   152 | D:1      | Found a faded altar of an unknown god.
   448 | D:1      | Reached XP level 3. HP: 31/31 MP: 2/2
  1463 | D:2      | Reached XP level 4. HP: 28/40 MP: 3/3
  2472 | D:3      | Noticed Sigmund
  2500 | D:3      | Killed from afar by Sigmund

Illustrated notes

Levels and vault maps discovered:
D:1:      enne_arrival_octagon_isle, layout_basic,
          shapermc_ecumenical_altar_flowoftime, serial_forest,
          infiniplex_forest_zigzag_1, infiniplex_forest_lined_2,
          infiniplex_forest_lined_ring, infiniplex_forest_lined_2,
          infiniplex_forest_clump_small, infiniplex_forest_corner_2,
          wad_floor_pattern_untrapped, serial_bayou_crossing
D:2:      layout_loops_ring, grunt_ministairs_9
D:3:      layout_rooms, serial_corexii_hall, corexii_hall_statues_t,
          chequers_hall_statues_wall_a, corexii_hall_statues_l, serial_shops,
          nicolae_diamond_shop, uniq_sigmund

Skill      XL: |  1  2  3  4 |
---------------+-------------+-----
Shields        | 3 |  3.1
Armour         | 3 |  3.7
Unarmed Combat | 3 |  3.4
Fighting       | |  3.6
Dodging        | |  0.4
Stealth        | |  0.2

Action                   |  1- 3 |  4- 6 || total
-------------------------+-------+-------++-------
Melee: Unarmed           |   138 |    60 ||   198
  Use: Scroll            |     2 |     1 ||     3
Armor: Scale mail        |    51 |    33 ||    84
Dodge: Dodged            |    64 |    40 ||   104
Block: Buckler           |    17 |    17 ||    34

Table legend: (Time is in decaauts)
 A = Elapsed time spent in this place.
 B = Non-inter-level travel time spent in this place.
 C = Inter-level travel time spent in this place.
 D = Time resting spent in this place.
 E = Time spent auto-exploring this place.
 F = Levels seen in this place.
 G = Mean time per level.
                   A        B        C        D        E       F      G
               +--------+--------+--------+--------+--------+-----+--------+
         Total |   2507 |   2304 |    203 |      0 |   1938 |   3 |  835.7 |
       Dungeon |   2507 |   2304 |    203 |      0 |   1938 |   3 |  835.7 |
               +--------+--------+--------+--------+--------+-----+--------+

Top non-repeatable levels by time:
     D:1: 1256 daAuts
     D:2: 1210 daAuts
     D:3: 40 daAuts
